 Dungeon Crawl Stone Soup version 0.31-a0-1589-g8f5e8aebd6 (webtiles) character file.

Game seed: 12736637981595685338

12572 jdlucas the Cleaver (level 11, -4/99 HPs)
             Began as a Minotaur Berserker on Jan 5, 2024.
             Was a High Priest of Trog.
             Succumbed to a black mamba's poison
             ... on level 2 of the Lair of Beasts on Jan 6, 2024.
             The game lasted 01:34:59 (12017 turns).

jdlucas the Cleaver (Minotaur Berserker)           Turns: 12017, Time: 01:35:00

Health: -4/99      AC: 14    Str: 28    XL:     11   Next: 64%
Magic:  10/10      EV: 10    Int:  5    God:    Trog [*****.]
Gold:   472        SH:  9    Dex:  9    Spells: 10/10 levels left

rFire   . . .        K - +1 war axe (freeze)
rCold   . . .        (no shield)
rNeg    . . .        g - +0 chain mail
rPois   .            y - +1 hat
rElec   .            (no cloak)
rCorr   .            (no gloves)
SInv    .            i - +0 pair of boots
Will    .....        D - amulet of reflection Stlth
                     (no ring)
HPRegen 0.36/turn    (no ring)
MPRegen 0.12/turn

%: reflection
@: lethally poisoned (-4 -> -57)
A: horns 2, retaliatory headbutt, large bone plates 1, strong 1, subdued magic 1
a: Renounce Religion, Berserk, Trog's Hand, Brothers in Arms


You were on level 2 of the Lair of Beasts.
You worshipped Trog.
Trog was extremely pleased with you.
You visited 2 branches of the dungeon, and saw 11 of its levels.

You collected 472 gold pieces.

Inventory:

Hand Weapons
 c - a +0 broad axe
 m - a +2 heavy hand axe
 p - a +0 sling
 q - a +2 quarterstaff of chaos
 K - a +1 war axe of freezing (weapon)
 L - a +6 heavy war axe
Missiles
 b - 86 stones
 f - 2 large rocks
 r - a javelin
 s - 25 poisoned darts
 v - 4 boomerangs (quivered)
 B - 6 atropa-tipped darts
 I - 2 curare-tipped darts
Armour
 a - a +1 robe
 g - a +0 chain mail (worn)
 h - a +0 barding
 i - a +0 pair of boots (worn)
 t - a +1 cloak
 y - a +1 hat (worn)
 N - a +0 pair of gloves
Jewellery
 D - an amulet of reflection (around neck)
 H - an amulet of regeneration
Wands
 E - a wand of digging (3)
 F - a wand of charming (7)
Scrolls
 d - a scroll of torment
 j - 4 scrolls of noise
 n - 2 scrolls of fear
 x - 3 scrolls of poison
 G - a scroll of fog {unknown}
 J - a scroll of vulnerability {unknown}
 O - 2 scrolls of identify
 P - a scroll of amnesia {unknown}
Potions
 u - a potion of attraction
 w - 2 potions of cancellation
 A - 2 potions of magic
 M - a potion of degeneration {unknown}


   Skills:
 + Level 10.1 Fighting
 + Level 13.2 Axes
 + Level 4.1 Staves
 + Level 5.0 Throwing
 + Level 11.3 Armour
 + Level 5.4 Dodging
 + Level 2.2 Stealth
 + Level 5.4 Shields
 + Level 0.6 Evocations


You had 10 spell levels left.
You didn't know any spells.
Your spell library was empty.

Dungeon Overview and Level Annotations

Branches:
Dungeon (8/15)             Temple (0/1) D:6            Lair (3/5) D:8
  Swamp: Lair:2-3    Shoals: Lair:2-3     Snake: Lair:2-3    Spider: Lair:2-3

Altars:
Gozag
Kikubaaqudgha
Uskayaw
Vehumet
Wu Jian
Yredelemnul


Innate Abilities, Weirdness & Mutations

You have a pair of horns on your head.
You reflexively headbutt those who attack you in melee.
You are partially covered in large bone plates. (SH +4)
Your muscles are strong. (Str +4, Int/Dex -1)
Your spells are a little easier to cast, but a little less powerful.


Message History

The black mamba is heavily wounded.
You feel very sick. The black mamba bites you.
You are more poisoned.
The black mamba poisons you!
You closely miss the black mamba. You headbutt the black mamba.
The black mamba is heavily wounded.
You feel extremely sick.
The black mamba is no longer moving slowly.
The black mamba barely misses you.
You barely miss the black mamba. You headbutt the black mamba!
The black mamba is severely wounded.
You feel very sick.
The black mamba bites you but does no damage.
The black mamba bites you!
You are lethally poisoned!
The black mamba poisons you!
You barely miss the black mamba. Your headbutt misses the black mamba.
The black mamba is severely wounded.
You feel extremely sick. The black mamba bites you.
You are more poisoned.
The black mamba poisons you!
A wyvern comes into view.
You barely miss the black mamba.
The black mamba is severely wounded.
* * * LOW HITPOINT WARNING * * *
You feel extremely sick.
The wyvern hisses angrily.
The black mamba misses you. The black mamba bites you.
* * * LOW HITPOINT WARNING * * *
You are more poisoned.
The black mamba poisons you!
You miss the black mamba.
The black mamba is severely wounded.
* * * LOW HITPOINT WARNING * * *
You feel extremely sick. You block the black mamba's attack.
The black mamba bites you.
* * * LOW HITPOINT WARNING * * *
You die...

.#.......h.....
....................
#...#.................
###....................#
#...#...................
#.≈.....................
#......................#
#...............S......#
................@...k...
........................
....................^...
........................
........................
............+.#..#P.....
###.#......#............
#.#...................
..#............


You could see a black mamba and a wyvern.

Vanquished Creatures
  Maurice (D:7)
  2 elephants (Lair:2)
  Joseph (D:8)
  Jeremiah (D:8)
  4 cane toads (Lair:1)
  2 komodo dragons
  Psyche (D:8)
  A queen bee (Lair:2)
  4 blink frogs (Lair:1)
  3 wyverns
  14 yaks
  A steam dragon (Lair:2)
  3 basilisks (Lair:2)
  6 water moccasins
  An ice beast (D:6)
  2 sky beasts
  A black bear (D:5)
  An ogre (D:5)
  10 wolves
  A phantom (D:5)
  3 kobold brigands
  6 bullfrogs
  3 scorpions
  4 wights (D:7)
  17 killer bees
  4 howler monkeys
  2 bombardier beetles
  7 hounds
  A gnoll bouda (D:7)
  2 jellies (D:6)
  Crazy Yiuf (D:3)
  4 orc priests
  5 iguanas
  Jessica (D:2)
  7 sleepcaps
  2 orc wizards
  10 gnolls
  7 adders
  A river rat (Lair:1)
  A shadow imp (D:7)
  A white imp (D:5)
  2 ufetubi (D:5)
  3 ribbon worms
  44 orcs
  9 ball pythons
  2 endoplasms
  2 giant cockroaches
  18 goblins
  10 hobgoblins
  10 jackals
  25 kobolds
  6 quokkas
  8 bats
  2 frilled lizards
  2 rats (D:2)
292 creatures vanquished.

Vanquished Creatures (collateral kills)
  A centaur (D:8)
1 creature vanquished.

Grand Total: 293 creatures vanquished

Notes
Turn   | Place    | Note
-------+----------+-------------------------------------------
     0 | D:1      | jdlucas the Minotaur Berserker began the quest for the Orb.
     0 | D:1      | Reached XP level 1. HP: 19/19 MP: 0/0
   231 | D:1      | Reached skill level 4 in Axes
   231 | D:1      | Reached XP level 2. HP: 27/27 MP: 1/1
   240 | D:2      | Noticed Jessica
   763 | D:2      | Reached ** piety under Trog
   767 | D:2      | Reached XP level 3. HP: 16/33 MP: 2/2
  1148 | D:2      | Killed Jessica
  1149 | D:2      | Reached skill level 5 in Axes
  1149 | D:2      | Reached XP level 4. HP: 41/41 MP: 3/3
  1350 | D:2      | Found a radiant altar of Vehumet.
  1564 | D:3      | Gained mutation: Your body sometimes deteriorates upon
                  | taking damage. [potion of mutation]
  1564 | D:3      | Gained mutation: You occasionally shout uncontrollably at
                  | your foes. [potion of mutation]
  1564 | D:3      | Gained mutation: Your spells are a little harder to cast,
                  | but a little more powerful. [potion of mutation]
  1665 | D:3      | Reached XP level 5. HP: 46/47 MP: 4/4
  2051 | D:3      | Reached *** piety under Trog
  2134 | D:3      | Reached XP level 6. HP: 53/55 MP: 5/5
  2137 | D:3      | Reached skill level 5 in Fighting
  2137 | D:3      | Reached skill level 1 in Throwing
  2213 | D:3      | Found an ancient bone altar of Kikubaaqudgha.
  2387 | D:3      | Found a runed translucent door.
  2388 | D:3      | Noticed Crazy Yiuf
  2397 | D:3      | Killed Crazy Yiuf
  2398 | D:3      | Reached skill level 6 in Axes
  3764 | D:4      | Found an opulent altar of Gozag.
  3973 | D:5      | Entered Level 5 of the Dungeon
  3990 | D:5      | Reached skill level 5 in Armour
  4120 | D:5      | Reached XP level 7. HP: 51/61 MP: 6/6
  4232 | D:5      | Reached skill level 7 in Axes
  4403 | D:5      | Reached skill level 1 in Staves
  4520 | D:5      | Reached **** piety under Trog
  4711 | D:5      | Reached skill level 8 in Axes
  4711 | D:5      | Reached XP level 8. HP: 70/70 MP: 7/7
  5624 | D:6      | Found a staircase to the Ecumenical Temple.
  6480 | D:7      | Reached XP level 9. HP: 78/78 MP: 8/8
  6668 | D:7      | Reached skill level 9 in Axes
  6728 | D:7      | Reached skill level 1 in Stealth
  6740 | D:7      | Reached ***** piety under Trog
  6760 | D:7      | Found a hide-covered altar of Uskayaw.
  7095 | D:7      | Noticed Maurice
  7100 | D:7      | Maurice stole a +0 dagger of draining
  7101 | D:7      | Maurice stole 7 boomerangs
  7102 | D:7      | Maurice stole an amulet of regeneration
  7104 | D:7      | Maurice stole 341 gold
  7173 | D:7      | Killed Maurice
  7720 | D:7      | Identified the +7 mace of Wu Jian {freeze, ^Contam rPois
                  | rC++ MP+9}
  7965 | D:8      | Noticed Jeremiah
  7978 | D:8      | Noticed Psyche
  7984 | D:8      | Killed Psyche
  7985 | D:8      | Reached skill level 10 in Axes
  7985 | D:8      | Reached skill level 1 in Shields
  8033 | D:8      | Killed Jeremiah
  8407 | D:8      | Received a gift from Trog
  8443 | D:8      | Noticed Joseph
  8450 | D:8      | Killed Joseph
  8451 | D:8      | Reached XP level 10. HP: 64/88 MP: 9/9
  8569 | D:8      | Found an ornate altar of the Wu Jian Council.
  8572 | D:8      | Found a basalt altar of Yredelemnul.
  8645 | D:8      | Found a staircase to the Lair.
  8661 | Lair:1   | Entered Level 1 of the Lair of Beasts
  8902 | Lair:1   | Reached skill level 11 in Axes
  9169 | Lair:1   | Reached skill level 10 in Armour
  9406 | Lair:1   | Noticed a cane toad
  9422 | Lair:1   | Killed a cane toad
  9423 | Lair:1   | Reached skill level 12 in Axes
  9782 | Lair:1   | Noticed a cane toad
  9787 | Lair:1   | Killed a cane toad
  9838 | Lair:1   | Noticed a cane toad
  9849 | Lair:1   | Killed a cane toad
 10275 | Lair:1   | Reached XP level 11. HP: 76/97 MP: 10/10
 10904 | Lair:2   | Lost mutation: Your body sometimes deteriorates upon taking
                  | damage. [potion of mutation]
 10904 | Lair:2   | Lost mutation: Your spells are a little harder to cast, but
                  | a little more powerful. [potion of mutation]
 10904 | Lair:2   | Lost mutation: You occasionally shout uncontrollably at
                  | your foes. [potion of mutation]
 10904 | Lair:2   | Gained mutation: Your muscles are strong. (Str +4, Int/Dex
                  | -1) [potion of mutation]
 10904 | Lair:2   | Gained mutation: Your spells are a little easier to cast,
                  | but a little less powerful. [potion of mutation]
 10904 | Lair:2   | Gained mutation: You are partially covered in large bone
                  | plates. (SH +4) [potion of mutation]
 11109 | Lair:2   | Reached skill level 5 in Dodging
 11296 | Lair:2   | Reached skill level 13 in Axes
 11301 | Lair:2   | Reached skill level 5 in Shields
 11387 | Lair:2   | Noticed a four-headed hydra
 11440 | Lair:1   | Reached skill level 5 in Throwing
 11650 | Lair:1   | Reached skill level 10 in Fighting
 12017 | Lair:2   | Succumbed to a black mamba's poison

Illustrated notes

Levels and vault maps discovered:
D:1:      saegor_arrival_fortress, layout_basic
D:2:      kennysheep_the_goblin_king, layout_basic, basic_altar, uniq_jessica
D:3:      minmay_wonky_spiral, layout_loops_ring, kiku_gazebo_garden_becter,
          uniq_crazy_yiuf_cottage
D:4:      layout_loops_corners, general_overflow_altar, serial_bayou_ford_a,
          skrybe_limestone_x, kennysheep_generic_room_13
D:5:      minmay_chambers_of_fours, layout_loops_ring, hellmonk_no_cap
D:6:      layout_layer_cave, minmay_temple_entry_junction_2
D:7:      corexii_shantytown, layout_basic, nicolae_uskayaw_dance_hall,
          uniq_maurice
D:8:      layout_loops_corners, marbit_many_paths, jmf_multi_god_temple2,
          lair_entry_dummy, uniq_psyche, uniq_jeremiah, uniq_joseph
Lair:1:   layout_layer_cave, minivault_23, nicolae_quartered_pool_impasse,
          infiniplex_staircase_pool_2
Lair:2:   regret_index_tunnel_blossom, layout_regular_city,
          minmay_swamp_entry_reptiles
Lair:3:   lemuel_ratsnest, layout_small_grid, guppyfry_snake_entry_island,
          uniq_nergalle

Skill      XL: |  1  2  3  4  5  6  7  8  9 10 11 |
---------------+----------------------------------+-----
Axes           | 4 5 6 8 10 12 13 | 13.2
Fighting       | 4 5 6 8 9 10 | 10.1
Armour         | 3 4 5 6 8 9 10 11 | 11.3
Dodging        | 3 4 5 |  5.4
Throwing       | 1 2 3 4 5 |  5.0
Staves         | 1 3 4 |  4.1
Stealth        | 1 2 |  2.2
Shields        | 1 4 5 |  5.4
Evocations     | |  0.6

Action                     |  1- 3 |  4- 6 |  7- 9 | 10-12 || total
---------------------------+-------+-------+-------+-------++-------
  Melee: Hand axe          |   107 |   179 |   101 |       ||   387
         Headbutt          |     8 |    23 |    40 |    52 ||   123
         Quarterstaff      |       |       |    39 |    12 ||    51
         War axe           |       |       |   105 |   233 ||   338
         Broad axe         |       |       |    44 |       ||    44
         Punch             |       |       |     2 |     4 ||     6
  Throw: Stone             |     7 |    14 |       |       ||    21
         Javelin           |     4 |       |    13 |     2 ||    19
         Dart              |       |       |    13 |     2 ||    15
         Boomerang         |       |       |    10 |    53 ||    63
         Throwing net      |       |       |     1 |     1 ||     2
  Evoke: Wand              |       |       |     6 |       ||     6
    Use: Potion            |     1 |     5 |     3 |     6 ||    15
         Scroll            |     1 |     4 |     8 |     2 ||    15
   Stab: Invisible         |       |       |       |     2 ||     2
 Armour: Animal skin       |     4 |       |       |       ||     4
         Chain mail        |    72 |   152 |   255 |   320 ||   799
         Skin              |       |    31 |       |       ||    31
  Dodge: Dodged            |    63 |    81 |   130 |   174 ||   448
  Block: Other             |       |       |    44 |   111 ||   155
         Reflection        |       |       |     3 |       ||     3

Table legend: (Time is in decaauts)
 A = Elapsed time spent in this place.
 B = Non-inter-level travel time spent in this place.
 C = Inter-level travel time spent in this place.
 D = Time resting spent in this place.
 E = Time spent auto-exploring this place.
 F = Levels seen in this place.
 G = Mean time per level.
                   A        B        C        D        E       F      G
               +--------+--------+--------+--------+--------+-----+--------+
         Total |  12117 |  10832 |   1285 |   2428 |   6001 |  11 | 1101.5 |
       Dungeon |   8916 |   7841 |   1075 |   1245 |   4827 |   8 | 1114.5 |
          Lair |   3201 |   2991 |    210 |   1183 |   1174 |   3 | 1067.0 |
               +--------+--------+--------+--------+--------+-----+--------+

Top non-repeatable levels by time:
  Lair:1: 2500 daAuts
     D:7: 1584 daAuts
     D:5: 1376 daAuts
     D:3: 1215 daAuts
     D:6: 1039 daAuts
     D:4: 987 daAuts
     D:1: 968 daAuts
     D:8: 897 daAuts
     D:2: 847 daAuts
  Lair:2: 698 daAuts
  Lair:3: 1 daAuts
